 Dungeon Crawl Stone Soup version 0.28.0-45-g0d030f2227 (webtiles) character file.

Game seed: 13605377879904118463

103 MisterFreud the Changer (level 4, 0/35 HPs)
             Began as a Draconian Transmuter on Apr 30, 2022.
             Succumbed to an adder's poison
             ... on level 2 of the Dungeon.
             The game lasted 00:01:30 (1928 turns).

MisterFreud the Changer (Draconian Transmuter)      Turns: 1928, Time: 00:01:31

Health: 0/35       AC:  5    Str: 12    XL:     4   Next: 51%
Magic:  7/7        EV: 12    Int: 16    God:
Gold:   88         SH:  0    Dex: 11    Spells: 1/7 levels left

rFire   + . .      SeeInvis .     - Unarmed
rCold   + . .      Faith    .   (no shield)
rNeg    . . .      Spirit   .   (armour unavailable)
rPois   +          Reflect  .   (helmet currently unavailable)
rElec   +          Harm     .   (no cloak)
rCorr   +          Rampage  .   (no gloves)
Will    .....                   (boots currently unavailable)
Stlth   +.........              (no amulet)
HPRegen 0.11/turn               (no ring)
MPRegen 0.10/turn               (no ring)

@: lethally poisoned (0 -> -2), appendages (expiring), resistant
A: horns 2, talons 2, AC +5, unfitting armour, cold-blooded
a: End Transformation


You were on level 2 of the Dungeon.
You had temporarily grown beastly horns and talons.
You visited 1 branch of the dungeon, and saw 2 of its levels.

You collected 88 gold pieces.

Inventory:

Missiles
 c - 2 curare-tipped darts
Jewellery
 e - a ring of resist corrosion
Scrolls
 a - a scroll of teleportation {unknown}
 b - a scroll of fear {unknown}
 h - a scroll of identify {unknown}
 j - a scroll of noise {unknown}
Potions
 d - a potion of curing {unknown}
 f - a potion of resistance
 g - a potion of berserk rage {unknown}
 i - a potion of degeneration {unknown}


   Skills:
 - Level 1.1 Fighting
 - Level 1.7 Dodging
 - Level 3.0 Unarmed Combat
 - Level 2.0 Spellcasting
 + Level 4.8 Transmutations


You had one spell level left.
You knew the following spells:

 Your Spells              Type           Power      Damage    Failure   Level
a - Beastly Appendage     Tmut           34%        N/A       2%          1
b - Wereblood             Tmut           17%        N/A       4%          2
c - Spider Form           Tmut/Pois      9%         N/A       22%         3

Your spell library contained the following spells:

 Spells                   Type           Power      Damage    Failure   Level
 Ice Form                 Ice/Tmut       9%         N/A       58%         4


Dungeon Overview and Level Annotations

Branches:
Dungeon (2/15)

Altars:


Innate Abilities, Weirdness & Mutations

You have temporarily grown beastly horns and talons.
Your plain brown scales are hard. (AC +5)
You cannot fit into any form of body armour.
You are cold-blooded and may be slowed by cold attacks.


Message History

The adder poisons you!
You hit the adder. Your kick misses the adder.
The adder is heavily wounded.
You feel very sick. The adder bites you.
You are more poisoned.
The adder poisons you! The adder bites you.
There are monsters nearby!
You feel very sick. The adder closely misses you.
You feel very sick.
You are too injured to fight recklessly!
You are too injured to fight recklessly!
You barely miss the adder. Your kick misses the adder.
Your headbutt misses the adder.
You feel very sick. The adder bites you.
You barely miss the adder.
You feel sick. The adder bites you but does no damage. The adder bites you.
* * * LOW HITPOINT WARNING * * *
You barely miss the adder. Your kick misses the adder. You headbutt the adder.
The adder is heavily wounded.
Your transformation is almost over.
You feel sick. The adder misses you.
You miss the adder. Your kick misses the adder.
The adder is heavily wounded.
You feel sick. The adder bites you.
* * * LOW HITPOINT WARNING * * *
You closely miss the adder.
Your tail-slap misses the adder.
The adder is heavily wounded.
You feel sick. The adder bites you but does no damage.
You closely miss the adder. Your kick misses the adder.
Your tail-slap misses the adder.
Your punch misses the adder.
The adder is heavily wounded.
You feel sick. The adder bites you.
* * * LOW HITPOINT WARNING * * *
The adder closely misses you.
It was a potion of resistance.
You feel protected.
You die...

#...........#.#
#...........#.#
#...........#.#
####...........#.#
#..............#.#
..##########'###.#
###### #.....# #.#
#....# #.##### #.#
####.# #.# #@# #
#.###.# #S#.#
####.....# #S..#
...#####.#.........#
...# ###.........#
...# ###.........#
...####..+..........
......#.##..........#
..#.#.#.##...(..>...#


You could see 2 adders.

Vanquished Creatures
  An orc priest (D:2)
  2 adders (D:2)
  A worm (D:2)
  2 dart slugs (D:2)
  3 orcs (D:2)
  6 endoplasms
  3 giant cockroaches (D:1)
  5 goblins (D:1)
  3 hobgoblins
  4 jackals (D:1)
  A quokka (D:1)
  A ball python (D:2)
  2 bats (D:1)
  4 frilled lizards
  4 kobolds (D:1)
  2 rats (D:2)
44 creatures vanquished.

Notes
Turn   | Place    | Note
-------+----------+-------------------------------------------
     0 | D:1      | MisterFreud the Draconian Transmuter began the quest for
                  | the Orb.
     0 | D:1      | Reached XP level 1. HP: 16/16 MP: 3/3
    97 | D:1      | Found a faded altar of an unknown god.
   330 | D:1      | Reached XP level 2. HP: 23/23 MP: 3/5
   346 | D:1      | Learned a level 2 spell: Wereblood
   350 | D:1      | Reached skill level 3 in Transmutations
   719 | D:1      | Reached XP level 3. HP: 28/28 MP: 4/6
  1354 | D:2      | Reached skill level 4 in Transmutations
  1354 | D:2      | Reached XP level 4. HP: 25/35 MP: 4/7
  1578 | D:2      | Learned a level 3 spell: Spider Form
  1927 | D:2      | HP: 1/35 [adder (4)]
  1928 | D:2      | Succumbed to an adder's poison

Illustrated notes

Levels and vault maps discovered:
D:1:      onia_arrival_pyramid, layout_rooms, nicolae_ecumenical_lake_church,
          nrook_loot_triangle
D:2:      layout_basic, small_statue_intersection, kennysheep_nondescript

Skill      XL: |  1  2  3 |
---------------+----------+-----
Transmutations | 3 4 |  4.8
Fighting       | |  1.1
Dodging        | |  1.7
Unarmed Combat | |  3.0
Spellcasting   | |  2.0

Action                   |  1- 3 |  4- 6 || total
-------------------------+-------+-------++-------
Melee: Unarmed           |    70 |    38 ||   108
       Kick              |    15 |     7 ||    22
       Headbutt          |    11 |     4 ||    15
       Tailslap          |     9 |     1 ||    10
       Punch             |       |     1 ||     1
 Cast: Beastly Appendage |    19 |     7 ||    26
       Wereblood         |     1 |       ||     1
  Use: Potion            |       |     1 ||     1
Armor: Skin              |    18 |    14 ||    32
Dodge: Dodged            |    38 |    16 ||    54
